 Dungeon Sprint DCSS version 0.17-a0-1951-g62301d3 (webtiles) character file.

11585 Kidiri the Unseen (level 11, 0/51 HPs)
             Began as a Spriggan Enchanter on Oct 2, 2015.
             Was the Champion of Dithmenos.
             Succumbed to a death drake's dark miasma
             ... in the Dungeon (Sprint III: "The Ten Rune Challenge").
             The game lasted 00:13:52 (2083 turns).

Kidiri the Unseen (Spriggan Enchanter)              Turns: 2083, Time: 00:13:53

Health: 0/51       AC:  4    Str:  4    XL:     11   Next: 51%
Magic:  30/30      EV: 33    Int: 18    God:    Dithmenos [******]
Gold:   51         SH:  0    Dex: 19    Spells: 5 memorised, 26 levels left

rFire  . . .     SeeInvis +     k - +0 dagger (speed)
rCold  . . .     Clarity  .     m - +2 robe {MR+}
rNeg   . . .     SustAt   .     (shield restricted)
rPois  .         Gourm    .     (helmet restricted)
rElec  .         Spirit   .     (no cloak)
rCorr  .         Warding  .     (gloves unavailable)
rMut   .         NoTele   +     (boots unavailable)
MR     ++...                    (no amulet)
Stlth  ++++++++++               (no ring)
                                (no ring)

@: lethally poisoned (0 -> -45), wreathed by umbra, very quick, very resistant
to hostile enchantments, uncannily stealthy
A: unfitting armour, talons 1, see invisible, breathe flames 2, deterioration 1,
herbivore 3, speed 3, robust 1, slow metabolism 2
a: Shadow Step, Shadow Form, Renounce Religion, Breathe Fire


You were in the Dungeon.
You worshipped Dithmenos.
Dithmenos was exalted by your worship.
You were not hungry.

You visited 1 branch You collected 51 gold pieces.

Inventory:

Hand weapons
 a - a +1 dagger
 k - a +0 dagger of speed (weapon)
Missiles
 l - 10 throwing nets (quivered)
Armour
 b - a +1 robe
 m - a +2 robe of magic resistance (worn)
Magical devices
 q - a wand of invisibility (2)
Scrolls
 j - a scroll of blinking
 p - a scroll of remove curse
Potions
 e - a potion of might
 f - 3 potions of heal wounds
 g - a potion of haste
 h - 2 potions of magic
 i - 2 potions of berserk rage
 n - 4 potions of cure mutation
 o - 4 potions of flight
Comestibles
 c - 27 royal jellies
 d - 2 bread rations
 r - 6 fruits


   Skills:
 * Level 12.9 Short Blades
 + Level 6.4 Armour
 * Level 16.2 Dodging
 * Level 17.7 Stealth
 * Level 14.0 Spellcasting
 + Level 6.2 Conjurations
 + Level 10.9 Hexes
 + Level 6.9 Ice Magic
 - Level 2.8 Invocations


You had 26 spell levels left.
You knew the following spells:

 Your Spells              Type           Power        Failure   Level  Hunger
a - Corona                Hex            ######.      1%          1    None
b - Ensorcelled Hibernat  Hex/Ice        #####.       1%          2    None
c - Confuse               Hex            ######..     1%          3    None
d - Tukima's Dance        Hex            ######..     1%          3    None
e - Dazzling Spray        Conj/Hex       #####...     1%          3    None


Dungeon Overview and Level Annotations

Branches:
Dungeon (1/1)

Altars:
Cheibriados
Dithmenos
Elyvilon
Fedhas
Gozag
Kikubaaqudgha
Makhleb
Nemelex Xobeh
Okawaru
Qazlal
Ru
Sif Muna
Trog
Vehumet
Xom
Yredelemnul
Zin
The Shining One
Jiyva
Lugonu

Shops:
D ?[


Innate Abilities, Weirdness & Mutations

You are tiny and cannot use many weapons and most armour.
You have supernaturally acute eyesight.
You are a herbivore.
You cover ground extremely quickly.
You need consume almost no food.
You have sharp toenails.
You can breathe fire.
Your body sometimes deteriorates upon taking damage.
You are robust (+10% HP).


Message History

You emit a cloud of dark smoke.
You feel very sick.
You feel very sick.
* * * LOW HITPOINT WARNING * * *
You feel very sick.
* * * LOW HITPOINT WARNING * * *
You emit a cloud of dark smoke.
You feel very sick.
* * * LOW HITPOINT WARNING * * *
You feel sick.
* * * LOW HITPOINT WARNING * * *
You feel very sick.
Unknown command.
* * * LOW HITPOINT WARNING * * *
You feel sick.
There is an open door to the Swamp, spattered with blood here.
* * * LOW HITPOINT WARNING * * *
You feel sick.
You close the door.
You die...

*******#..♣♣ ♣♣♣##+## *
###'♣♣♣♣♣♣♣♣♣♣♣♣♣♣♣***,,,+
***
♣♣♣♣.##..##≈≈≈≈≈≈.%#,,*,,,*
,,**
♣...##.##.#≈≈≈≈≈..%#,,*,,,*
**+*
♣♣.##%##.##'≈≈≈≈≈####+#****
,,,*
♣..#.##...#≈≈...§§§§§#,,,,
******
♣♣.##.##.)#≈..+#######,,,,
,,,,,*
♣♣.##.#####...#....))#,,,,
,,,,,*
♣.....##%@....#♣♣♣._.#,,,,
*+*****########+######
#####+***
*,,,,,,,,,,,,*#§♣♣ *,,,,
*≈≈,,,,,,,,≈≈*#♣§♣ *,***
*≈≈≈,,,,,,≈≈≈* ♣§♣♣ ******
*,*,, *≈≈≈≈≈,,≈≈≈≈≈* ♣♣§♣
*,,,,* *,*,, *≈≈≈≈≈≈≈≈≈≈≈≈*
♣§♣♣ *,,,,* *,*,,
*≈≈≈≈≈≈≈≈≈≈≈≈* ♣§♣♣ *,≈,,*
*,*,, *≈≈≈≈≈≈≈≈≈≈≈≈*
♣k§♣**,,,** *,*,*


There were no monsters in sight!

Vanquished Creatures
  Maud (D)
  Erolcha (D)
  2 hydras (D)
  2 death drakes (D)
  A spriggan druid (D)
  A lindwurm (D)
  2 spiny frogs (D)
  A komodo dragon (D)
  A deep elf priest (D)
  3 wandering mushrooms (D)
  A queen bee (D)
  2 spriggans (D)
  4 redbacks (D)
  2 trapdoor spiders (D)
  A shadow (D)
  2 hill giants (D)
  A spatial vortex (D)
  A necrophage (D)
  2 swamp dragon skeletons (D)
  2 brain worms (D)
  3 two-headed ogres (D)
  A water elemental (D)
  A scorpion (D)
  32 killer bees (D)
  A jelly (D)
  An electric eel (D)
  A necromancer (D)
  A wizard (D)
  Jessica (D)
  3 humans (D)
  A kobold demonologist (D)
  2 oozes (D)
81 creatures vanquished.

Vanquished Creatures (others)
  2 draconian scorchers (D)
  3 yaktaurs (D)
  3 plants (D)
8 creatures vanquished.

Grand Total: 89 creatures vanquished

Notes
Turn   | Place    | Note
--------------------------------------------------------------
     0 | D        | Kidiri the Spriggan Enchanter began the quest for the Orb.
     0 | D        | Reached XP level 1. HP: 9/9 MP: 5/5
     9 | D        | Reached skill level 5 in Stealth
    20 | D        | Reached XP level 2. HP: 11/13 MP: 5/7
    71 | D        | Learned a level 2 spell: Ensorcelled Hibernation
    72 | D        | Noticed Jessica
    75 | D        | Killed Jessica
    75 | D        | Reached skill level 6 in Stealth
    75 | D        | Reached XP level 3. HP: 16/16 MP: 7/9
    88 | D        | Learned a level 3 spell: Confuse
    92 | D        | Learned a level 3 spell: Tukima's Dance
   111 | D        | Reached skill level 1 in Armour
   111 | D        | Reached skill level 5 in Dodging
   111 | D        | Reached skill level 1 in Ice Magic
   145 | D        | Noticed a scorpion
   211 | D        | Killed a yaktaur
   222 | D        | Killed a white draconian scorcher
   280 | D        | Killed a white draconian scorcher
   446 | D        | Gained mutation: Your body sometimes deteriorates upon taking damage. [potion of mutation]
   446 | D        | Gained mutation: You can breathe flames. [potion of mutation]
   446 | D        | Gained mutation: You are robust (+10% HP). [potion of mutation]
   447 | D        | Gained mutation: You can breathe fire. [potion of mutation]
   447 | D        | Gained mutation: You have sharp toenails. [potion of mutation]
   484 | D        | Killed a scorpion
   484 | D        | Reached skill level 7 in Stealth
   484 | D        | Reached skill level 5 in Spellcasting
   484 | D        | Reached XP level 4. HP: 23/23 MP: 9/12
   497 | D        | Learned a level 3 spell: Dazzling Spray
   525 | D        | Noticed a water elemental
   528 | D        | Killed a water elemental
   528 | D        | Reached skill level 5 in Short Blades
   528 | D        | Reached skill level 8 in Stealth
   528 | D        | Reached skill level 5 in Hexes
   528 | D        | Reached XP level 5. HP: 26/26 MP: 12/14
   537 | D        | Noticed a jelly
   538 | D        | Noticed a shadow
   540 | D        | Killed a shadow
   540 | D        | Reached skill level 9 in Stealth
   540 | D        | Reached skill level 1 in Conjurations
   540 | D        | Reached XP level 6. HP: 30/30 MP: 14/17
   544 | D        | Killed a jelly
   549 | D        | Found a stormy altar of Qazlal.
   563 | D        | Noticed a spatial vortex
   563 | D        | Killed a spatial vortex
   563 | D        | Reached skill level 10 in Stealth
   564 | D        | Found a sacrificial altar of Ru.
   564 | D        | Found a burning altar of Makhleb.
   564 | D        | Found a viscous altar of Jiyva.
   564 | D        | Found a shimmering altar of Xom.
   564 | D        | Found a shadowy altar of Dithmenos.
   564 | D        | Found a sparkling altar of Nemelex Xobeh.
   564 | D        | Found a corrupted altar of Lugonu.
   564 | D        | Found an opulent altar of Gozag.
   568 | D        | Became a worshipper of Dithmenos the Shadowed
   595 | D        | Found a radiant altar of Vehumet.
   596 | D        | Found a deep blue altar of Sif Muna.
   596 | D        | Found an ancient bone altar of Kikubaaqudgha.
   596 | D        | Noticed a wizard
   597 | D        | Killed a wizard
   599 | D        | Reached XP level 7. HP: 35/35 MP: 19/19
   631 | D        | Found a glowing silver altar of Zin.
   632 | D        | Found a glowing golden altar of the Shining One.
   632 | D        | Found a white marble altar of Elyvilon.
   632 | D        | Noticed a deep elf priest
   634 | D        | Killed a deep elf priest
   634 | D        | Reached skill level 10 in Dodging
   634 | D        | Reached skill level 11 in Stealth
   634 | D        | Reached skill level 1 in Invocations
   645 | D        | Found an iron altar of Okawaru.
   646 | D        | Found a bloodstained altar of Trog.
   646 | D        | Noticed a human
   646 | D        | Noticed a human
   648 | D        | Killed a human
   649 | D        | Killed a human
   649 | D        | Reached XP level 8. HP: 39/39 MP: 22/22
   670 | D        | Found a snail-covered altar of Cheibriados.
   670 | D        | Noticed a necrophage
   671 | D        | Found a basalt altar of Yredelemnul.
   671 | D        | Found a blossoming altar of Fedhas.
   671 | D        | Noticed a necromancer
   672 | D        | Killed a necrophage
   672 | D        | Reached skill level 12 in Stealth
   673 | D        | Killed a necromancer
   673 | D        | Acquired Dithmenos's first power
   691 | D        | Noticed a two-headed ogre
   691 | D        | Noticed a two-headed ogre
   695 | D        | Killed a two-headed ogre
   697 | D        | Killed a two-headed ogre
   700 | D        | Noticed a two-headed ogre
   701 | D        | Killed a two-headed ogre
   706 | D        | Noticed a hill giant
   709 | D        | Killed a hill giant
   709 | D        | Acquired Dithmenos's second power
   715 | D        | Noticed a hill giant
   715 | D        | Noticed Erolcha
   717 | D        | Killed Erolcha
   717 | D        | Reached skill level 13 in Stealth
   717 | D        | Reached skill level 10 in Spellcasting
   717 | D        | Reached XP level 9. HP: 42/42 MP: 22/24
   718 | D        | Killed a hill giant
   730 | D        | Noticed a redback
   735 | D        | Noticed a trapdoor spider
   745 | D        | Killed a trapdoor spider
   749 | D        | Killed a redback
   881 | D        | Noticed a trapdoor spider
   886 | D        | Killed a trapdoor spider
   886 | D        | Acquired Dithmenos's third power
   886 | D        | Reached skill level 14 in Stealth
   886 | D        | Reached skill level 5 in Ice Magic
   952 | D        | Noticed a killer bee
   952 | D        | Noticed a killer bee
   952 | D        | Noticed a killer bee
   953 | D        | Noticed a killer bee
   953 | D        | Noticed a killer bee
   953 | D        | Noticed a killer bee
   953 | D        | Noticed a killer bee
   953 | D        | Noticed a killer bee
   953 | D        | Noticed a killer bee
   953 | D        | Noticed a killer bee
   953 | D        | Noticed a killer bee
   953 | D        | Noticed a killer bee
   953 | D        | Noticed a killer bee
   953 | D        | Noticed a killer bee
   953 | D        | Noticed a killer bee
   953 | D        | Noticed a killer bee
   953 | D        | Noticed a killer bee
   953 | D        | Noticed a killer bee
   953 | D        | Noticed a queen bee
   953 | D        | Noticed a killer bee
   953 | D        | Noticed a killer bee
   953 | D        | Noticed a killer bee
   953 | D        | Noticed a killer bee
   953 | D        | Noticed a killer bee
   953 | D        | Noticed a killer bee
   953 | D        | Noticed a killer bee
   953 | D        | Noticed a killer bee
   953 | D        | Noticed a killer bee
   953 | D        | Noticed a killer bee
   953 | D        | Noticed a killer bee
   953 | D        | Noticed a killer bee
   953 | D        | Noticed a killer bee
   953 | D        | Noticed a killer bee
   955 | D        | Killed a killer bee
   956 | D        | Killed a killer bee
   961 | D        | Killed a killer bee
   964 | D        | Killed a killer bee
   971 | D        | Killed a killer bee
   971 | D        | Reached skill level 10 in Short Blades
   973 | D        | Killed a killer bee
   973 | D        | Acquired Dithmenos's fourth power
  1179 | D        | Killed a killer bee
  1183 | D        | Killed a killer bee
  1185 | D        | Killed a killer bee
  1187 | D        | Killed a killer bee
  1194 | D        | Killed a killer bee
  1199 | D        | Killed a killer bee
  1201 | D        | Killed a killer bee
  1203 | D        | Killed a killer bee
  1207 | D        | Killed a killer bee
  1209 | D        | Killed a killer bee
  1211 | D        | Killed a killer bee
  1425 | D        | Killed a killer bee
  1428 | D        | Killed a killer bee
  1432 | D        | Killed a killer bee
  1434 | D        | Killed a killer bee
  1436 | D        | Killed a killer bee
  1440 | D        | Killed a killer bee
  1444 | D        | Killed a killer bee
  1446 | D        | Killed a killer bee
  1595 | D        | Killed a killer bee
  1595 | D        | Reached XP level 10. HP: 48/48 MP: 26/26
  1599 | D        | Killed a killer bee
  1602 | D        | Killed a killer bee
  1604 | D        | Killed a killer bee
  1604 | D        | Reached skill level 15 in Stealth
  1614 | D        | Killed a queen bee
  1614 | D        | Reached skill level 5 in Armour
  1627 | D        | Killed a killer bee
  1629 | D        | Killed a killer bee
  1633 | D        | Killed a killer bee
  1750 | D        | Noticed a wandering mushroom
  1751 | D        | Noticed a wandering mushroom
  1751 | D        | Noticed a wandering mushroom
  1753 | D        | Killed a wandering mushroom
  1757 | D        | Killed a wandering mushroom
  1758 | D        | Killed a wandering mushroom
  1795 | D        | Noticed a spiny frog
  1795 | D        | Noticed a komodo dragon
  1795 | D        | Noticed a spiny frog
  1798 | D        | Killed a spiny frog
  1798 | D        | Reached skill level 5 in Conjurations
  1800 | D        | Killed a spiny frog
  1801 | D        | Killed a komodo dragon
  1802 | D        | Noticed a redback
  1804 | D        | Killed a redback
  1804 | D        | Reached skill level 16 in Stealth
  1805 | D        | Noticed a brain worm
  1808 | D        | Killed a brain worm
  1811 | D        | Noticed a brain worm
  1813 | D        | Killed a brain worm
  1816 | D        | Noticed a lindwurm
  1818 | D        | Noticed a redback
  1819 | D        | Killed a lindwurm
  1822 | D        | Killed a redback
  1827 | D        | Noticed a redback
  1828 | D        | Killed a redback
  1829 | D        | Noticed Maud
  1831 | D        | Killed Maud
  1831 | D        | Reached skill level 15 in Dodging
  1831 | D        | Reached skill level 10 in Hexes
  1831 | D        | Reached XP level 11. HP: 51/51 MP: 26/29
  1846 | D        | Noticed an electric eel
  1847 | D        | Noticed a five-headed hydra
  1847 | D        | Noticed an eight-headed hydra
  1852 | D        | Killed an electric eel
  1854 | D        | Killed a five-headed hydra
  1854 | D        | Reached skill level 17 in Stealth
  1855 | D        | Killed an eight-headed hydra
  1892 | D        | Noticed a death drake
  1895 | D        | Killed a death drake
  1905 | D        | Found a blossoming altar of Fedhas.
  1905 | D        | Noticed a spriggan
  1905 | D        | Noticed a spriggan druid
  1905 | D        | Noticed a spriggan
  1907 | D        | Killed a spriggan druid
  1911 | D        | Killed a spriggan
  1914 | D        | Killed a spriggan
  2042 | D        | Killed a yaktaur
  2051 | D        | Noticed a swamp dragon skeleton
  2055 | D        | Killed a swamp dragon skeleton
  2056 | D        | Killed a yaktaur
  2058 | D        | Noticed a death drake
  2060 | D        | Killed a death drake
  2061 | D        | Noticed a swamp dragon skeleton
  2064 | D        | Noticed a swamp dragon skeleton
  2064 | D        | Noticed a death drake
  2065 | D        | Killed a swamp dragon skeleton
  2066 | D        | Found Siraseje's Magic Scroll Emporium.
  2066 | D        | Found Daqiqen's Antique Armour Shop.
  2083 | D        | Succumbed to a death drake's dark miasma

Vault maps used:
D:        dungeon_sprint_mu

Action                   |  1- 3 |  4- 6 |  7- 9 | 10-12 || total
-------------------------+-------+-------+-------+-------++-------
Melee: Dagger            |    25 |     6 |    74 |    46 ||   151
 Cast: Ensorcelled Hiber |    10 |       |    34 |     9 ||    53
       Confuse           |     1 |       |     2 |       ||     3
       Dazzling Spray    |       |       |     9 |     3 ||    12
Invok: Shadow Step       |       |       |       |     5 ||     5
  Use: Potion            |     3 |       |       |       ||     3
       Scroll            |     3 |     1 |       |       ||     4
 Stab: Sleeping          |     3 |     6 |    34 |    28 ||    71
       Confused          |     1 |       |       |       ||     1
       Invisible         |       |       |     2 |     2 ||     4
